[ AOE2 MATCH · #463585503 ]
UnrankedGoths vs Persians
[ REPLAY ANALYSIS · EXTRACTED FROM THE RECORDED GAME ]
Feudal
—
Castle
—
Imperial
—
| APM avg | 12.4 |
| APM peak | 32 |
| eAPM avg | 8.4 |
| Villagers / military | 71 / 80 |
Focus
⚔️ 18.7% · 🌾 81.3%
Huskarl ×74 · Petard ×6
Feudal
—
Castle
—
Imperial
—
| APM avg | 11.4 |
| APM peak | 41 |
| eAPM avg | 7.0 |
| Villagers / military | 69 / 11 |
Focus
⚔️ 15.7% · 🌾 84.3%
Spearman ×7 · Knight ×4
Feudal
—
Castle
—
Imperial
—
| APM avg | 15.4 |
| APM peak | 45 |
| eAPM avg | 13.3 |
| Villagers / military | 121 / 55 |
Focus
⚔️ 21.1% · 🌾 78.9%
Knight ×51 · Scout Cavalry ×4
Feudal
—
Castle
—
Imperial
—
| APM avg | 16.1 |
| APM peak | 56 |
| eAPM avg | 13.8 |
| Villagers / military | 86 / 33 |
Focus
⚔️ 17.6% · 🌾 82.4%
Scorpion ×11 · Spearman ×9 · Militia ×6 · Boyar ×4 · Trebuchet (Packed) ×3
Feudal
—
Castle
—
Imperial
—
| APM avg | 54.0 |
| APM peak | 122 |
| eAPM avg | 30.4 |
| Villagers / military | 117 / 89 |
Focus
⚔️ 13.4% · 🌾 86.6%
Hand Cannoneer ×65 · Bombard Cannon ×19 · Monk ×4 · Spearman ×1
Feudal
—
Castle
—
Imperial
—
| APM avg | 31.9 |
| APM peak | 117 |
| eAPM avg | 24.0 |
| Villagers / military | 120 / 37 |
Focus
⚔️ 12.2% · 🌾 87.8%
Knight ×18 · Hand Cannoneer ×12 · Bombard Cannon ×4 · Monk ×3
Feudal
—
Castle
—
Imperial
—
| APM avg | 12.6 |
| APM peak | 48 |
| eAPM avg | 10.6 |
| Villagers / military | 104 / 7 |
Focus
⚔️ 12.5% · 🌾 87.5%
Trade Cart ×8 · Throwing Axeman ×6 · Monk ×1
Feudal
—
Castle
—
Imperial
—
| APM avg | 29.7 |
| APM peak | 132 |
| eAPM avg | 27.4 |
| Villagers / military | 64 / 54 |
Focus
⚔️ 3.1% · 🌾 96.9%
Mameluke ×51 · Petard ×3
Match map
Initial resources + every placement click. Lines = walls · curves = elevation contours. ◆ gold · ⬟ stone · ● berries · ✦ relic · ◌ wall gap
Your base· ✓ Closed at 14:25 · 0t walls · 2 gate(s)
GueroPalma2504's base· ✓ Closed at 13:37 · 0t walls · 2 gate(s)
transgirlsrule's base· ✓ Closed at 16:17 · 0t walls · 3 gate(s)
blueberry's base· ✓ Closed at 17:07 · 0t walls · 2 gate(s)
ARToT | lokiwinne's base· ✓ Closed at 15:08 · 3t walls · 5 gate(s)
BULLXHILL's base· ✓ Closed at 15:02 · 0t walls · 2 gate(s)
DMT's base· ✓ Closed at 16:16 · 0t walls · 2 gate(s)
Harilu's base· ✓ Closed at 16:49 · 0t walls · 2 gate(s)
Smoothed initial terrain · ◌ = detected wall gap · hover for details
Inputs per minute
— BHA-1 - - GueroPalma2504
Build order — BHA-1
First 150 of 162 actions detected
| 0:02 | Create | Villager (Male) ×4 |
| 0:04 | Build | House |
| 0:06 | Build | House |
| 1:33 | Create | Villager (Male) |
| 2:29 | Create | Villager (Male) |
| 2:29 | Create | Villager (Male) |
| 2:29 | Create | Villager (Male) |
| 3:00 | Create | Villager (Male) |
| 3:22 | Create | Villager (Male) |
| 3:52 | Create | Villager (Male) |
| 3:53 | Create | Villager (Male) |
| 4:24 | Build | House |
| 4:26 | Build | House |
| 4:27 | Build | House |
| 4:40 | Build | Mill |
| 4:42 | Create | Villager (Male) |
| 4:43 | Create | Villager (Male) |
| 4:59 | Create | Villager (Male) ×2 |
| 5:38 | Create | Villager (Male) ×2 |
| 6:19 | Create | Villager (Male) ×3 |
| 7:17 | Build | Lumber Camp |
| 7:36 | Create | Villager (Male) |
| 7:37 | Create | Villager (Male) |
| 8:03 | Create | Villager (Male) |
| 8:04 | Create | Villager (Male) |
| 8:41 | Create | Villager (Male) |
| 8:43 | Create | Villager (Male) |
| 8:43 | Create | Villager (Male) |
| 8:43 | Create | Villager (Male) |
| 8:48 | Research | Loom |
| 9:13 | Build | Mill |
| 9:59 | Build | Mining Camp |
| 10:13 | Build | Mining Camp |
| 10:17 | Research | Feudal Age |
| 11:10 | Create | Villager (Male) |
| 11:10 | Create | Villager (Male) |
| 13:01 | Build | Blacksmith |
| 13:02 | Build | Market |
| 14:05 | Build | House |
| 14:10 | Build | House |
| 14:25 | Research | Castle Age |
| 15:51 | Build | Farm |
| 15:53 | Build | Farm |
| 15:54 | Build | Farm |
| 15:55 | Build | Farm |
| 16:01 | Build | Farm |
| 16:02 | Build | Farm |
| 16:04 | Build | Farm |
| 16:06 | Build | Farm |
| 16:07 | Build | Farm |
| 16:09 | Build | Farm |
| 16:11 | Build | Farm |
| 17:21 | Build | Castle |
| 17:30 | Build | Mining Camp |
| 17:34 | Create | Villager (Male) |
| 17:34 | Create | Villager (Male) |
| 17:35 | Create | Villager (Male) |
| 17:56 | Build | Castle |
| 18:13 | Build | Farm |
| 18:14 | Build | Farm |
| 18:23 | Create | Villager (Male) |
| 18:27 | Research | Double-Bit Axe |
| 18:28 | Research | Horse Collar |
| 18:58 | Create | Villager (Male) |
| 19:30 | Build | Siege Workshop |
| 19:38 | Create | Villager (Male) |
| 19:38 | Create | Villager (Male) |
| 19:54 | Research | Bow Saw |
| 19:57 | Research | Heavy Plow |
| 19:59 | Create | Villager (Male) |
| 20:14 | Create | Huskarl ×4 |
| 20:17 | Create | Huskarl |
| 20:30 | Create | Huskarl |
| 20:35 | Create | Petard |
| 20:41 | Build | Farm |
| 20:44 | Build | Farm |
| 20:44 | Build | Farm |
| 21:20 | Create | Petard |
| 21:23 | Create | Villager (Male) |
| 21:23 | Create | Villager (Male) |
| 21:24 | Create | Villager (Male) |
| 21:38 | Build | Farm |
| 21:39 | Build | Farm |
| 21:42 | Create | Villager (Male) |
| 22:16 | Research | Gold Mining |
| 22:16 | Research | Stone Mining |
| 22:43 | Create | Villager (Male) |
| 22:43 | Create | Villager (Male) |
| 22:44 | Create | Villager (Male) |
| 22:48 | Build | Farm |
| 22:48 | Build | Farm |
| 22:49 | Build | Farm |
| 22:50 | Build | Farm |
| 22:51 | Build | Farm |
| 23:46 | Create | Villager (Male) |
| 23:52 | Create | Huskarl ×5 |
| 24:48 | Create | Villager (Male) |
| 25:15 | Create | Villager (Male) |
| 25:16 | Create | Villager (Male) |
| 25:16 | Create | Villager (Male) |
| 25:19 | Create | Huskarl ×5 |
| 25:20 | Create | Huskarl ×2 |
| 26:18 | Research | Forging |
| 26:18 | Research | Scale Mail Armor |
| 27:16 | Build | Castle |
| 27:21 | Build | Mining Camp |
| 27:29 | Create | Villager (Male) |
| 27:29 | Create | Villager (Male) |
| 27:30 | Create | Villager (Male) |
| 27:35 | Build | House |
| 27:36 | Build | House |
| 27:36 | Build | House |
| 27:37 | Build | House |
| 27:40 | Build | House |
| 27:41 | Build | House |
| 27:42 | Build | House |
| 27:43 | Build | House |
| 28:01 | Build | House |
| 28:01 | Build | House |
| 28:03 | Build | House |
| 28:04 | Build | House |
| 28:05 | Build | House |
| 28:06 | Build | House |
| 28:07 | Build | House |
| 29:03 | Create | Huskarl ×5 |
| 29:03 | Create | Huskarl ×5 |
| 29:03 | Create | Huskarl ×5 |
| 29:04 | Create | Huskarl ×5 |
| 29:04 | Create | Huskarl ×4 |
| 29:07 | Create | Villager (Male) |
| 29:07 | Create | Villager (Male) |
| 29:17 | Build | Town Center |
| 30:26 | Create | Villager (Male) |
| 30:26 | Create | Villager (Male) |
| 30:28 | Research | Wheelbarrow |
| 30:28 | Research | Town Watch |
| 31:00 | Create | Petard |
| 31:00 | Create | Petard |
| 31:12 | Create | Petard |
| 31:12 | Create | Petard |
| 31:17 | Create | Villager (Male) |
| 31:17 | Create | Villager (Male) |
| 31:19 | Create | Villager (Male) |
| 31:19 | Create | Villager (Male) |
| 31:24 | Research | Chain Mail Armor |
| 31:41 | Create | Huskarl ×2 |
| 32:29 | Research | Hand Cart |
| 33:43 | Research | Iron Casting |
| 36:13 | Create | Huskarl ×5 |
| 36:13 | Create | Huskarl ×5 |
Build order — GueroPalma2504
First 150 of 159 actions detected
| 0:01 | Create | Villager (Male) |
| 0:01 | Create | Villager (Male) |
| 0:05 | Build | House |
| 0:08 | Build | House |
| 0:43 | Create | Villager (Male) |
| 0:59 | Create | Villager (Male) |
| 1:29 | Create | Villager (Male) |
| 1:55 | Create | Villager (Male) |
| 2:02 | Build | Lumber Camp |
| 2:38 | Create | Villager (Male) |
| 2:42 | Create | Villager (Male) |
| 3:13 | Research | Loom |
| 3:45 | Build | House |
| 3:56 | Create | Villager (Male) |
| 3:56 | Create | Villager (Male) |
| 4:30 | Build | House |
| 4:34 | Build | House |
| 4:34 | Build | House |
| 4:39 | Create | Villager (Male) |
| 5:03 | Build | House |
| 5:04 | Build | House |
| 5:08 | Create | Villager (Male) |
| 5:17 | Create | Villager (Male) |
| 5:35 | Build | Mill |
| 5:43 | Create | Villager (Male) |
| 6:24 | Create | Villager (Male) |
| 6:26 | Create | Villager (Male) |
| 7:06 | Create | Villager (Male) |
| 7:35 | Create | Villager (Male) |
| 7:51 | Build | Lumber Camp |
| 7:56 | Create | Villager (Male) |
| 8:15 | Build | Farm |
| 8:27 | Build | Farm |
| 8:30 | Create | Villager (Male) |
| 8:46 | Create | Villager (Male) |
| 8:52 | Build | Farm |
| 9:14 | Create | Villager (Male) |
| 9:29 | Create | Villager (Male) |
| 9:29 | Create | Villager (Male) |
| 9:49 | Build | Mining Camp |
| 9:53 | Research | Feudal Age |
| 10:00 | Create | Villager (Male) |
| 10:33 | Create | Villager (Male) |
| 10:33 | Create | Villager (Male) |
| 10:35 | Create | Villager (Male) |
| 11:12 | Build | Farm |
| 11:13 | Build | Farm |
| 11:13 | Build | Farm |
| 11:13 | Build | Farm |
| 11:14 | Build | Farm |
| 11:16 | Build | Farm |
| 12:41 | Build | Blacksmith |
| 12:47 | Build | Market |
| 13:29 | Build | House |
| 13:37 | Research | Castle Age |
| 13:51 | Build | House |
| 13:54 | Build | House |
| 14:00 | Research | Double-Bit Axe |
| 14:07 | Research | Horse Collar |
| 14:50 | Build | Barracks |
| 15:04 | Build | Farm |
| 15:10 | Build | Farm |
| 15:23 | Create | Villager (Male) |
| 16:09 | Build | Stable |
| 16:31 | Create | Villager (Male) |
| 16:33 | Create | Villager (Male) |
| 16:47 | Build | Town Center |
| 17:02 | Create | Villager (Male) |
| 17:12 | Build | House |
| 17:13 | Build | House |
| 17:29 | Research | Pikeman (upgrade) |
| 17:30 | Research | Squires |
| 17:36 | Create | Villager (Male) |
| 17:42 | Create | Villager (Male) |
| 18:05 | Research | Bow Saw |
| 18:09 | Create | Villager (Male) |
| 18:12 | Create | Villager (Male) |
| 18:17 | Create | Villager (Male) |
| 18:25 | Build | House |
| 18:26 | Build | House |
| 18:41 | Create | Villager (Male) |
| 18:43 | Create | Villager (Male) |
| 18:50 | Create | Villager (Male) |
| 18:53 | Build | Farm |
| 19:01 | Create | Spearman |
| 19:19 | Create | Villager (Male) |
| 19:20 | Create | Villager (Male) |
| 19:28 | Build | Outpost |
| 19:37 | Create | Villager (Male) |
| 19:46 | Build | Farm |
| 19:46 | Build | Farm |
| 19:47 | Build | Farm |
| 19:48 | Build | Farm |
| 19:49 | Build | Farm |
| 19:54 | Build | Farm |
| 19:55 | Create | Villager (Male) |
| 20:00 | Create | Villager (Male) |
| 20:20 | Build | Outpost |
| 20:23 | Create | Spearman |
| 20:27 | Create | Spearman |
| 20:31 | Create | Villager (Male) |
| 20:32 | Create | Villager (Male) |
| 20:37 | Build | Farm |
| 20:37 | Build | Farm |
| 20:37 | Build | Farm |
| 20:37 | Build | Farm |
| 20:37 | Build | Farm |
| 20:38 | Build | Farm |
| 20:38 | Build | Farm |
| 20:41 | Build | Farm |
| 21:27 | Create | Villager (Male) |
| 21:28 | Create | Villager (Male) |
| 21:33 | Create | Spearman |
| 21:33 | Create | Spearman |
| 21:40 | Build | House |
| 21:42 | Build | House |
| 21:44 | Create | Villager (Male) |
| 21:45 | Create | Villager (Male) |
| 21:55 | Create | Villager (Male) |
| 21:56 | Create | Villager (Male) |
| 22:05 | Build | Town Center |
| 22:09 | Create | Villager (Male) |
| 22:17 | Create | Spearman |
| 22:17 | Create | Spearman |
| 22:36 | Build | Monastery |
| 22:43 | Create | Villager (Male) |
| 22:43 | Create | Villager (Male) |
| 22:43 | Create | Villager (Male) |
| 22:48 | Build | Farm |
| 22:55 | Create | Villager (Male) |
| 22:56 | Create | Villager (Male) |
| 23:24 | Build | Stone Wall |
| 23:32 | Build | Stone Wall |
| 23:33 | Build | Stone Wall |
| 23:34 | Build | Stone Wall |
| 23:34 | Build | Stone Wall |
| 23:35 | Build | Stone Wall |
| 23:35 | Build | Stone Wall |
| 23:35 | Build | Stone Wall |
| 23:36 | Build | Stone Wall |
| 23:38 | Build | Stone Wall |
| 23:39 | Build | Stone Wall |
| 24:07 | Create | Knight |
| 24:07 | Create | Knight |
| 24:10 | Create | Knight |
| 24:23 | Build | Watch Tower |
| 24:34 | Create | Villager (Male) |
| 24:34 | Create | Villager (Male) |
| 24:34 | Create | Villager (Male) |
| 24:34 | Create | Villager (Male) |
Build order — transgirlsrule
First 150 of 324 actions detected
| 0:01 | Create | Villager (Male) |
| 0:02 | Create | Villager (Male) |
| 0:02 | Create | Villager (Male) |
| 0:04 | Build | House |
| 0:06 | Build | House |
| 0:56 | Create | Villager (Male) |
| 0:56 | Create | Villager (Male) |
| 1:32 | Create | Villager (Male) |
| 1:32 | Create | Villager (Male) |
| 1:50 | Build | Lumber Camp |
| 2:14 | Create | Villager (Male) |
| 2:14 | Create | Villager (Male) |
| 3:05 | Create | Villager (Male) |
| 3:05 | Create | Villager (Male) |
| 3:30 | Create | Villager (Male) |
| 3:45 | Build | Mill |
| 4:07 | Create | Villager (Male) |
| 4:08 | Create | Villager (Male) |
| 4:43 | Research | Loom |
| 4:46 | Create | Villager (Male) |
| 5:07 | Create | Villager (Male) |
| 5:17 | Build | House |
| 5:21 | Create | Villager (Male) |
| 5:22 | Create | Villager (Male) |
| 5:28 | Research | Loom |
| 5:28 | Create | Villager (Male) |
| 5:29 | Create | Villager (Male) |
| 5:30 | Create | Villager (Male) |
| 6:11 | Create | Villager (Male) |
| 6:12 | Create | Villager (Male) |
| 6:51 | Build | House |
| 7:39 | Create | Villager (Male) |
| 7:39 | Create | Villager (Male) |
| 8:23 | Build | Mill |
| 8:24 | Create | Villager (Male) |
| 8:24 | Create | Villager (Male) |
| 8:56 | Build | Lumber Camp |
| 8:59 | Create | Villager (Male) |
| 9:08 | Research | Feudal Age |
| 10:04 | Create | Villager (Male) |
| 10:04 | Create | Villager (Male) |
| 10:20 | Build | House |
| 10:42 | Build | Farm |
| 10:43 | Build | Farm |
| 10:43 | Build | Farm |
| 10:44 | Build | Farm |
| 10:44 | Build | Farm |
| 10:45 | Build | Farm |
| 10:46 | Build | Farm |
| 10:56 | Create | Villager (Male) |
| 10:57 | Create | Villager (Male) |
| 11:09 | Build | Farm |
| 11:25 | Build | Farm |
| 11:44 | Build | Farm |
| 11:50 | Create | Villager (Male) |
| 11:59 | Create | Villager (Male) |
| 12:06 | Research | Double-Bit Axe |
| 12:37 | Create | Villager (Male) |
| 13:05 | Create | Villager (Male) |
| 13:17 | Build | Mining Camp |
| 14:07 | Create | Villager (Male) |
| 14:07 | Create | Villager (Male) |
| 14:22 | Build | Blacksmith |
| 14:44 | Build | Blacksmith |
| 14:55 | Build | House |
| 15:08 | Build | Market |
| 15:34 | Create | Villager (Male) |
| 15:58 | Create | Villager (Male) |
| 16:17 | Research | Castle Age |
| 16:26 | Research | Forging |
| 16:28 | Research | Scale Barding Armor |
| 16:53 | Build | Barracks |
| 17:02 | Build | Mining Camp |
| 17:08 | Create | Villager (Male) |
| 17:08 | Create | Villager (Male) |
| 17:09 | Create | Villager (Male) |
| 17:57 | Create | Villager (Male) |
| 17:58 | Create | Villager (Male) |
| 18:25 | Create | Villager (Male) |
| 18:25 | Create | Villager (Male) |
| 18:31 | Research | Gold Mining |
| 18:36 | Build | Farm |
| 18:37 | Build | Farm |
| 18:37 | Build | Farm |
| 18:38 | Build | Farm |
| 18:38 | Build | Farm |
| 18:38 | Build | Farm |
| 18:39 | Build | Farm |
| 18:39 | Build | Farm |
| 18:39 | Build | Farm |
| 18:40 | Build | Farm |
| 18:40 | Build | Farm |
| 18:40 | Build | Farm |
| 18:41 | Build | Farm |
| 18:41 | Build | Farm |
| 18:42 | Build | Farm |
| 18:43 | Build | Farm |
| 18:43 | Build | Farm |
| 18:43 | Build | Farm |
| 18:44 | Build | Farm |
| 19:06 | Research | Gold Shaft Mining |
| 19:27 | Research | Iron Casting |
| 20:16 | Build | Town Center |
| 21:07 | Build | House |
| 21:09 | Build | House |
| 21:11 | Build | House |
| 21:12 | Build | House |
| 21:13 | Build | House |
| 21:15 | Build | House |
| 21:29 | Create | Villager (Male) |
| 21:30 | Create | Villager (Male) |
| 21:30 | Create | Villager (Male) |
| 21:49 | Build | House |
| 22:15 | Build | Farm |
| 22:15 | Build | Farm |
| 22:15 | Build | Farm |
| 22:16 | Build | Farm |
| 22:16 | Build | Farm |
| 22:29 | Create | Villager (Male) |
| 22:30 | Create | Villager (Male) |
| 22:32 | Create | Villager (Male) |
| 22:32 | Create | Villager (Male) |
| 22:33 | Create | Villager (Male) |
| 22:48 | Create | Villager (Male) |
| 22:48 | Create | Villager (Male) |
| 22:50 | Create | Villager (Male) |
| 22:50 | Create | Villager (Male) |
| 23:35 | Build | Stable |
| 24:07 | Create | Villager (Male) |
| 24:07 | Create | Villager (Male) |
| 24:08 | Create | Villager (Male) |
| 24:08 | Create | Villager (Male) |
| 24:18 | Build | Town Center |
| 24:42 | Build | Farm |
| 24:43 | Build | Farm |
| 24:44 | Build | Farm |
| 25:11 | Build | Farm |
| 25:16 | Create | Villager (Male) |
| 25:16 | Create | Villager (Male) |
| 25:18 | Create | Villager (Male) |
| 25:18 | Create | Villager (Male) |
| 25:21 | Create | Villager (Male) |
| 25:21 | Create | Villager (Male) |
| 25:41 | Build | Farm |
| 25:41 | Build | Farm |
| 25:41 | Build | Farm |
| 25:42 | Build | Farm |
| 25:42 | Build | Farm |
| 25:42 | Build | Farm |
| 25:43 | Build | Farm |
Build order — blueberry
First 150 of 219 actions detected
| 0:02 | Research | Loom |
| 0:03 | Create | Villager (Male) ×4 |
| 0:11 | Build | House |
| 0:12 | Build | House |
| 0:14 | Build | House |
| 2:05 | Create | Villager (Male) |
| 2:36 | Create | Villager (Male) |
| 2:46 | Create | Villager (Male) |
| 2:46 | Create | Villager (Male) |
| 3:23 | Create | Villager (Male) |
| 3:23 | Create | Villager (Male) |
| 3:37 | Build | Lumber Camp |
| 3:41 | Create | Villager (Male) |
| 4:06 | Create | Villager (Male) |
| 4:25 | Create | Villager (Male) |
| 4:44 | Create | Villager (Male) |
| 5:06 | Create | Villager (Male) |
| 5:12 | Build | Mill |
| 5:48 | Build | House |
| 5:54 | Create | Villager (Male) |
| 5:54 | Create | Villager (Male) |
| 6:37 | Create | Villager (Male) |
| 6:37 | Create | Villager (Male) |
| 7:13 | Build | House |
| 7:17 | Create | Villager (Male) |
| 7:43 | Build | Mining Camp |
| 7:48 | Create | Villager (Male) |
| 8:05 | Create | Villager (Male) |
| 8:47 | Create | Villager (Male) |
| 8:54 | Build | Farm |
| 9:17 | Create | Villager (Male) |
| 9:45 | Create | Villager (Male) |
| 10:10 | Research | Feudal Age |
| 10:43 | Build | Barracks |
| 11:49 | Create | Militia |
| 11:49 | Create | Militia |
| 11:59 | Create | Villager (Male) |
| 12:00 | Create | Villager (Male) |
| 12:22 | Research | Double-Bit Axe |
| 12:24 | Research | Horse Collar |
| 12:47 | Build | Blacksmith |
| 12:53 | Build | Farm |
| 12:55 | Create | Villager (Male) |
| 13:17 | Research | Man-at-Arms (upgrade) |
| 13:22 | Build | Farm |
| 13:30 | Create | Villager (Male) |
| 13:38 | Build | Market |
| 13:52 | Build | Farm |
| 13:56 | Create | Villager (Male) |
| 14:10 | Build | Farm |
| 14:25 | Create | Villager (Male) |
| 14:31 | Build | Farm |
| 14:33 | Create | Villager (Male) |
| 14:44 | Build | House |
| 14:52 | Create | Villager (Male) |
| 14:59 | Build | Farm |
| 15:13 | Build | Archery Range |
| 15:18 | Create | Villager (Male) |
| 15:47 | Create | Villager (Male) |
| 15:55 | Build | House |
| 16:03 | Create | Villager (Male) |
| 16:15 | Build | Farm |
| 16:16 | Build | Farm |
| 16:21 | Build | Farm |
| 17:07 | Research | Castle Age |
| 17:35 | Build | Farm |
| 17:38 | Research | Scale Mail Armor |
| 18:02 | Research | Gold Mining |
| 18:14 | Build | Barracks |
| 18:43 | Research | Forging |
| 19:11 | Research | Stone Mining |
| 19:22 | Create | Militia |
| 19:44 | Research | Fletching |
| 19:56 | Build | Town Center |
| 20:03 | Build | Town Center |
| 20:08 | Create | Villager (Male) |
| 20:23 | Create | Villager (Male) |
| 20:36 | Research | Squires |
| 20:50 | Build | Barracks |
| 20:57 | Create | Villager (Male) |
| 21:05 | Create | Villager (Male) |
| 21:05 | Create | Villager (Male) |
| 21:20 | Create | Villager (Male) |
| 21:27 | Create | Villager (Male) |
| 21:36 | Build | Farm |
| 21:37 | Build | Farm |
| 21:51 | Build | Siege Workshop |
| 21:55 | Create | Villager (Male) |
| 22:05 | Build | Farm |
| 22:07 | Build | Farm |
| 22:08 | Build | Farm |
| 22:11 | Create | Villager (Male) |
| 22:21 | Create | Villager (Male) |
| 22:31 | Create | Villager (Male) |
| 23:06 | Build | Siege Workshop |
| 23:10 | Create | Villager (Male) |
| 23:13 | Research | Wheelbarrow |
| 23:17 | Create | Villager (Male) |
| 23:26 | Create | Villager (Male) |
| 23:36 | Create | Villager (Male) |
| 23:41 | Create | Villager (Male) |
| 23:57 | Create | Villager (Male) |
| 24:05 | Build | House |
| 24:07 | Create | Villager (Male) |
| 24:14 | Create | Villager (Male) |
| 24:18 | Create | Villager (Male) |
| 24:24 | Create | Villager (Male) |
| 24:31 | Create | Villager (Male) |
| 24:41 | Create | Villager (Male) |
| 24:49 | Build | University |
| 24:54 | Create | Villager (Male) |
| 25:18 | Build | Castle |
| 25:28 | Create | Villager (Male) |
| 25:35 | Create | Villager (Male) |
| 25:35 | Create | Villager (Male) |
| 25:44 | Build | Farm |
| 25:45 | Build | Farm |
| 25:46 | Build | Farm |
| 25:47 | Build | Farm |
| 25:58 | Build | House |
| 25:59 | Build | House |
| 26:04 | Create | Villager (Male) |
| 26:04 | Create | Villager (Male) |
| 26:31 | Create | Villager (Male) |
| 26:31 | Create | Villager (Male) |
| 26:35 | Build | Farm |
| 26:36 | Build | Farm |
| 26:37 | Build | Farm |
| 27:19 | Research | Imperial Age |
| 27:28 | Create | Scorpion |
| 27:28 | Create | Scorpion |
| 27:38 | Build | House |
| 27:39 | Build | House |
| 27:44 | Research | Bow Saw |
| 28:19 | Create | Boyar |
| 28:19 | Create | Boyar |
| 28:24 | Research | Pikeman (upgrade) |
| 28:25 | Create | Spearman |
| 28:25 | Create | Spearman |
| 28:32 | Create | Villager (Male) |
| 28:32 | Create | Villager (Male) |
| 28:38 | Build | Farm |
| 28:39 | Build | Farm |
| 28:40 | Build | Farm |
| 28:41 | Build | Farm |
| 28:42 | Build | Farm |
| 28:44 | Build | Farm |
| 28:45 | Build | Farm |
| 28:48 | Build | Mill |
| 28:59 | Create | Villager (Male) |
Build order — ARToT | lokiwinne
First 150 of 302 actions detected
| 0:02 | Create | Villager (Male) |
| 0:02 | Create | Villager (Male) |
| 0:02 | Create | Villager (Male) |
| 0:04 | Build | House |
| 0:07 | Build | House |
| 0:39 | Create | Villager (Male) |
| 0:39 | Create | Villager (Male) |
| 1:30 | Create | Villager (Male) |
| 1:30 | Create | Villager (Male) |
| 1:58 | Create | Villager (Male) |
| 2:22 | Create | Villager (Male) |
| 2:51 | Create | Villager (Male) |
| 3:03 | Build | House |
| 3:17 | Create | Villager (Male) |
| 3:17 | Create | Villager (Male) |
| 3:58 | Build | House |
| 4:04 | Research | Loom |
| 4:09 | Build | House |
| 4:40 | Create | Villager (Male) |
| 4:40 | Create | Villager (Male) |
| 5:05 | Create | Villager (Male) |
| 5:13 | Create | Villager (Male) |
| 5:31 | Create | Villager (Male) |
| 5:48 | Create | Villager (Male) |
| 6:07 | Build | Mill |
| 6:14 | Create | Villager (Male) |
| 6:36 | Build | Lumber Camp |
| 6:50 | Create | Villager (Male) |
| 7:21 | Create | Villager (Male) |
| 8:07 | Create | Villager (Male) |
| 8:25 | Build | Mining Camp |
| 8:33 | Create | Villager (Male) |
| 8:39 | Build | Palisade Gate |
| 8:41 | Build | Palisade Gate |
| 8:45 | Build | Palisade Wall |
| 8:51 | Build | Palisade Wall |
| 8:57 | Build | Palisade Wall |
| 9:04 | Create | Villager (Male) |
| 9:07 | Build | Mining Camp |
| 9:26 | Create | Villager (Male) |
| 9:51 | Create | Villager (Male) |
| 10:17 | Create | Villager (Male) |
| 10:28 | Research | Feudal Age |
| 11:52 | Build | House |
| 11:53 | Build | House |
| 12:28 | Create | Villager (Male) |
| 12:56 | Research | Town Watch |
| 13:03 | Build | Market |
| 13:08 | Build | Blacksmith |
| 13:13 | Build | Mill |
| 13:41 | Create | Villager (Male) |
| 15:08 | Research | Castle Age |
| 15:08 | Research | Castle Age |
| 16:11 | Research | Double-Bit Axe |
| 16:13 | Research | Horse Collar |
| 16:28 | Build | Outpost |
| 17:41 | Build | Outpost |
| 17:48 | Research | Wheelbarrow |
| 17:53 | Create | Villager (Male) |
| 17:53 | Create | Villager (Male) |
| 18:02 | Build | Castle |
| 18:12 | Build | Barracks |
| 18:20 | Build | Farm |
| 18:22 | Create | Villager (Male) |
| 18:29 | Build | Farm |
| 18:29 | Build | Farm |
| 18:29 | Build | Farm |
| 18:29 | Build | Farm |
| 18:32 | Research | Bow Saw |
| 18:33 | Research | Heavy Plow |
| 18:46 | Build | House |
| 18:47 | Build | House |
| 18:52 | Build | Farm |
| 19:05 | Create | Villager (Male) |
| 19:06 | Create | Villager (Male) |
| 19:21 | Build | Farm |
| 19:41 | Build | Town Center |
| 19:42 | Create | Villager (Male) |
| 19:50 | Create | Villager (Male) |
| 20:03 | Build | House |
| 20:04 | Build | House |
| 20:05 | Build | House |
| 20:20 | Build | Farm |
| 20:32 | Create | Villager (Male) |
| 20:35 | Create | Villager (Male) |
| 20:37 | Create | Villager (Male) |
| 20:40 | Build | Outpost |
| 20:41 | Build | Stone Wall |
| 20:42 | Build | Stone Wall |
| 20:42 | Build | Stone Wall |
| 20:53 | Create | Villager (Male) |
| 21:09 | Create | Villager (Male) |
| 21:09 | Create | Villager (Male) |
| 21:17 | Build | Farm |
| 21:17 | Build | Farm |
| 21:17 | Build | Farm |
| 21:18 | Build | Farm |
| 21:18 | Build | Farm |
| 21:18 | Build | Farm |
| 21:38 | Build | Mining Camp |
| 21:40 | Create | Villager (Male) |
| 21:40 | Create | Villager (Male) |
| 21:44 | Build | Farm |
| 21:47 | Build | Farm |
| 21:50 | Build | Farm |
| 22:17 | Build | Monastery |
| 22:18 | Create | Villager (Male) |
| 22:19 | Create | Villager (Male) |
| 22:29 | Build | Farm |
| 22:32 | Create | Villager (Male) |
| 22:38 | Build | Farm |
| 22:39 | Create | Villager (Male) |
| 22:39 | Create | Villager (Male) |
| 22:41 | Create | Villager (Male) |
| 22:41 | Create | Villager (Male) |
| 22:50 | Build | Farm |
| 22:51 | Create | Villager (Male) |
| 22:58 | Build | Farm |
| 23:11 | Create | Monk |
| 23:14 | Create | Villager (Male) |
| 23:14 | Create | Villager (Male) |
| 23:15 | Create | Villager (Male) |
| 23:35 | Create | Villager (Male) |
| 23:35 | Create | Villager (Male) |
| 23:35 | Create | Villager (Male) |
| 23:49 | Build | Town Center |
| 23:52 | Create | Villager (Male) |
| 23:52 | Create | Villager (Male) |
| 23:55 | Research | Wheelbarrow |
| 24:01 | Build | Farm |
| 24:08 | Create | Monk |
| 24:12 | Create | Villager (Male) |
| 24:12 | Create | Villager (Male) |
| 24:12 | Create | Villager (Male) |
| 24:37 | Create | Spearman |
| 24:50 | Create | Monk |
| 24:53 | Create | Villager (Male) |
| 24:54 | Create | Villager (Male) |
| 24:54 | Create | Villager (Male) |
| 24:59 | Build | Farm |
| 24:59 | Build | Farm |
| 24:59 | Build | Farm |
| 24:59 | Build | Farm |
| 25:00 | Build | Farm |
| 25:00 | Build | Farm |
| 25:00 | Build | Farm |
| 25:06 | Create | Villager (Male) |
| 25:07 | Create | Villager (Male) |
| 25:07 | Create | Villager (Male) |
| 25:08 | Create | Villager (Male) |
Build order — BULLXHILL
First 150 of 240 actions detected
| 0:02 | Create | Villager (Male) ×4 |
| 0:02 | Create | Villager (Male) ×4 |
| 0:06 | Build | House |
| 0:11 | Build | House |
| 1:33 | Create | Villager (Male) |
| 1:33 | Create | Villager (Male) |
| 1:58 | Build | Lumber Camp |
| 2:07 | Create | Villager (Male) |
| 2:07 | Create | Villager (Male) |
| 2:26 | Create | Villager (Male) |
| 3:15 | Create | Villager (Male) |
| 3:15 | Create | Villager (Male) |
| 3:15 | Create | Villager (Male) |
| 3:47 | Build | Mill |
| 3:53 | Create | Villager (Male) |
| 3:53 | Create | Villager (Male) |
| 4:21 | Build | House |
| 5:09 | Create | Villager (Male) |
| 5:09 | Create | Villager (Male) |
| 5:09 | Create | Villager (Male) |
| 5:18 | Build | House |
| 5:22 | Create | Villager (Male) |
| 6:21 | Create | Villager (Male) |
| 6:21 | Create | Villager (Male) |
| 6:22 | Create | Villager (Male) |
| 6:22 | Create | Villager (Male) |
| 7:06 | Create | Villager (Male) |
| 7:06 | Create | Villager (Male) |
| 7:07 | Create | Villager (Male) |
| 7:52 | Create | Villager (Male) |
| 7:53 | Create | Villager (Male) |
| 8:37 | Create | Villager (Male) |
| 8:37 | Create | Villager (Male) |
| 8:37 | Create | Villager (Male) |
| 8:37 | Create | Villager (Male) |
| 8:38 | Create | Villager (Male) |
| 8:49 | Build | House |
| 9:00 | Build | Mill |
| 9:30 | Create | Villager (Male) |
| 9:30 | Create | Villager (Male) |
| 9:30 | Create | Villager (Male) |
| 9:30 | Create | Villager (Male) |
| 9:30 | Create | Villager (Male) |
| 9:31 | Create | Villager (Male) |
| 10:09 | Research | Feudal Age |
| 10:15 | Build | Mining Camp |
| 11:50 | Build | Barracks |
| 12:54 | Build | Lumber Camp |
| 13:00 | Build | Farm |
| 13:01 | Build | Farm |
| 13:02 | Build | Farm |
| 13:03 | Build | Farm |
| 13:03 | Build | Farm |
| 13:16 | Build | Farm |
| 13:17 | Build | Farm |
| 13:18 | Build | Farm |
| 13:42 | Build | Market |
| 13:50 | Create | Villager (Male) |
| 13:50 | Create | Villager (Male) |
| 13:50 | Create | Villager (Male) |
| 14:04 | Research | Double-Bit Axe |
| 14:26 | Build | Blacksmith |
| 14:47 | Research | Horse Collar |
| 15:02 | Research | Castle Age |
| 15:10 | Research | Gold Mining |
| 15:29 | Build | Mining Camp |
| 15:46 | Build | Lumber Camp |
| 16:00 | Research | Stone Mining |
| 16:44 | Build | Farm |
| 16:45 | Build | Farm |
| 16:46 | Build | Farm |
| 17:50 | Build | Town Center |
| 18:02 | Create | Villager (Male) |
| 18:02 | Create | Villager (Male) |
| 18:02 | Create | Villager (Male) |
| 18:03 | Create | Villager (Male) |
| 18:03 | Create | Villager (Male) |
| 18:14 | Build | Town Center |
| 18:32 | Build | House |
| 18:50 | Research | Bow Saw |
| 19:05 | Research | Pikeman (upgrade) |
| 19:14 | Build | Farm |
| 19:15 | Build | Farm |
| 19:23 | Create | Villager (Male) |
| 19:23 | Create | Villager (Male) |
| 19:37 | Build | Farm |
| 19:51 | Build | Farm |
| 19:52 | Build | Farm |
| 20:22 | Create | Villager (Male) |
| 20:23 | Create | Villager (Male) |
| 20:23 | Create | Villager (Male) |
| 20:35 | Build | Farm |
| 20:36 | Build | Farm |
| 20:41 | Build | Farm |
| 20:43 | Build | Farm |
| 20:49 | Build | Farm |
| 20:50 | Build | Farm |
| 20:54 | Create | Villager (Male) |
| 20:55 | Create | Villager (Male) |
| 20:55 | Create | Villager (Male) |
| 20:55 | Create | Villager (Male) |
| 21:10 | Build | Farm |
| 21:11 | Build | Farm |
| 21:27 | Build | Monastery |
| 21:37 | Create | Villager (Male) |
| 21:37 | Create | Villager (Male) |
| 21:37 | Create | Villager (Male) |
| 21:43 | Create | Villager (Male) |
| 21:43 | Create | Villager (Male) |
| 21:43 | Create | Villager (Male) |
| 21:43 | Create | Villager (Male) |
| 22:01 | Create | Monk |
| 22:02 | Create | Monk |
| 22:02 | Create | Monk |
| 22:15 | Create | Villager (Male) |
| 22:15 | Create | Villager (Male) |
| 22:15 | Create | Villager (Male) |
| 22:16 | Create | Villager (Male) |
| 22:42 | Build | University |
| 23:01 | Build | House |
| 23:02 | Build | House |
| 23:22 | Create | Villager (Male) |
| 23:22 | Create | Villager (Male) |
| 23:23 | Create | Villager (Male) |
| 23:23 | Create | Villager (Male) |
| 23:45 | Build | Stable |
| 24:17 | Build | House |
| 24:35 | Build | Farm |
| 24:35 | Build | Farm |
| 24:36 | Build | Farm |
| 25:21 | Research | Imperial Age |
| 25:36 | Build | Stable |
| 25:37 | Build | Stable |
| 25:56 | Build | Lumber Camp |
| 26:02 | Research | Forging |
| 26:17 | Build | Mining Camp |
| 26:22 | Research | Wheelbarrow |
| 26:36 | Build | Castle |
| 26:48 | Build | Lumber Camp |
| 27:23 | Build | Stable |
| 27:36 | Research | Heavy Plow |
| 27:42 | Create | Villager (Male) |
| 27:42 | Create | Villager (Male) |
| 27:43 | Create | Villager (Male) |
| 27:43 | Create | Villager (Male) |
| 27:43 | Create | Villager (Male) |
| 27:43 | Create | Villager (Male) |
| 27:50 | Build | Lumber Camp |
| 28:05 | Research | Scale Mail Armor |
| 28:15 | Build | Farm |
Build order — DMT
First 150 of 226 actions detected
| 0:06 | Create | Villager (Male) |
| 0:06 | Create | Villager (Male) |
| 0:06 | Create | Villager (Male) |
| 0:06 | Create | Villager (Male) |
| 0:07 | Create | Villager (Male) |
| 0:07 | Create | Villager (Male) |
| 0:09 | Build | House |
| 0:13 | Build | House |
| 1:51 | Create | Villager (Male) |
| 1:51 | Create | Villager (Male) |
| 1:57 | Create | Villager (Male) |
| 2:43 | Create | Villager (Male) |
| 2:43 | Create | Villager (Male) |
| 2:43 | Create | Villager (Male) |
| 3:05 | Create | Villager (Male) |
| 3:24 | Build | Lumber Camp |
| 3:28 | Create | Villager (Male) |
| 3:55 | Create | Villager (Male) |
| 4:06 | Build | House |
| 4:20 | Build | Mill |
| 5:02 | Create | Villager (Male) |
| 5:02 | Create | Villager (Male) |
| 5:02 | Create | Villager (Male) |
| 5:39 | Create | Villager (Male) |
| 6:18 | Create | Villager (Male) |
| 6:18 | Create | Villager (Male) |
| 6:19 | Create | Villager (Male) |
| 6:19 | Create | Villager (Male) |
| 6:19 | Create | Villager (Male) |
| 7:05 | Create | Villager (Male) |
| 7:31 | Build | Lumber Camp |
| 7:40 | Create | Villager (Male) |
| 7:41 | Create | Villager (Male) |
| 8:02 | Research | Feudal Age |
| 9:52 | Create | Villager (Male) |
| 10:00 | Build | House |
| 10:35 | Build | Farm |
| 10:36 | Build | Farm |
| 10:37 | Build | Farm |
| 10:38 | Build | Farm |
| 10:39 | Build | Farm |
| 10:40 | Build | Farm |
| 10:46 | Build | Farm |
| 10:47 | Build | Farm |
| 10:57 | Create | Villager (Male) |
| 11:09 | Create | Villager (Male) |
| 11:40 | Build | Mining Camp |
| 11:55 | Create | Villager (Male) |
| 11:57 | Create | Villager (Male) |
| 12:22 | Create | Villager (Male) |
| 12:51 | Build | House |
| 12:59 | Build | House |
| 13:56 | Build | Barracks |
| 14:28 | Build | Blacksmith |
| 14:30 | Build | House |
| 14:42 | Build | Mining Camp |
| 14:54 | Create | Villager (Male) |
| 15:36 | Build | Stable |
| 16:16 | Research | Castle Age |
| 16:16 | Research | Castle Age |
| 16:17 | Research | Castle Age |
| 16:40 | Research | Stone Mining |
| 16:41 | Research | Double-Bit Axe |
| 16:50 | Research | Wheelbarrow |
| 16:58 | Research | Gold Mining |
| 17:37 | Create | Villager (Male) |
| 17:37 | Create | Villager (Male) |
| 17:37 | Create | Villager (Male) |
| 19:03 | Build | Town Center |
| 19:15 | Build | Town Center |
| 20:05 | Create | Villager (Male) |
| 20:35 | Create | Villager (Male) |
| 20:43 | Research | Bow Saw |
| 20:46 | Create | Villager (Male) |
| 20:46 | Create | Villager (Male) |
| 20:46 | Create | Villager (Male) |
| 20:51 | Create | Villager (Male) |
| 20:52 | Create | Villager (Male) |
| 20:52 | Create | Villager (Male) |
| 20:53 | Create | Villager (Male) |
| 20:54 | Create | Villager (Male) |
| 21:26 | Build | House |
| 21:31 | Build | House |
| 21:32 | Build | House |
| 21:38 | Create | Villager (Male) |
| 21:38 | Create | Villager (Male) |
| 22:04 | Create | Villager (Male) |
| 22:04 | Create | Villager (Male) |
| 22:05 | Create | Villager (Male) |
| 22:56 | Build | Castle |
| 23:06 | Build | Mining Camp |
| 23:20 | Build | Monastery |
| 23:31 | Create | Villager (Male) |
| 23:32 | Create | Villager (Male) |
| 23:32 | Create | Villager (Male) |
| 23:39 | Research | Gold Shaft Mining |
| 23:47 | Build | House |
| 23:54 | Build | Farm |
| 23:56 | Build | Farm |
| 23:56 | Build | Farm |
| 23:56 | Build | Farm |
| 23:57 | Build | Farm |
| 23:57 | Build | Farm |
| 23:57 | Build | Farm |
| 23:57 | Build | Farm |
| 24:24 | Create | Villager (Male) |
| 24:25 | Create | Villager (Male) |
| 24:25 | Create | Villager (Male) |
| 24:37 | Build | Farm |
| 24:40 | Build | Farm |
| 24:42 | Build | Farm |
| 25:07 | Research | Husbandry |
| 25:10 | Create | Monk |
| 25:24 | Create | Villager (Male) |
| 25:24 | Create | Villager (Male) |
| 25:26 | Create | Villager (Male) |
| 25:33 | Build | Farm |
| 25:35 | Build | Farm |
| 25:41 | Build | Farm |
| 25:44 | Build | Farm |
| 25:45 | Build | Farm |
| 25:45 | Build | Farm |
| 25:46 | Build | Farm |
| 25:47 | Build | Farm |
| 25:50 | Build | Farm |
| 25:51 | Build | Farm |
| 25:56 | Build | Farm |
| 25:59 | Build | Farm |
| 26:02 | Build | Farm |
| 26:18 | Create | Villager (Male) |
| 26:18 | Create | Villager (Male) |
| 26:18 | Create | Villager (Male) |
| 26:42 | Build | Market |
| 27:03 | Research | Hand Cart |
| 27:08 | Research | Light Cavalry (upgrade) |
| 27:12 | Research | Scale Barding Armor |
| 27:13 | Research | Forging |
| 27:25 | Build | Farm |
| 27:28 | Build | Farm |
| 27:31 | Build | Farm |
| 27:36 | Build | Farm |
| 27:41 | Build | Farm |
| 27:49 | Build | Farm |
| 27:55 | Build | Farm |
| 28:02 | Research | Town Watch |
| 28:12 | Create | Throwing Axeman |
| 28:12 | Create | Throwing Axeman |
| 28:12 | Create | Throwing Axeman |
| 28:13 | Create | Throwing Axeman |
| 28:14 | Create | Throwing Axeman |
Build order — Harilu
First 150 of 403 actions detected
| 0:15 | Build | House |
| 0:23 | Build | House |
| 0:24 | Build | House |
| 0:25 | Research | Loom |
| 0:26 | Create | Villager (Male) |
| 0:26 | Create | Villager (Male) |
| 0:27 | Create | Villager (Male) |
| 0:27 | Create | Villager (Male) |
| 0:27 | Create | Villager (Male) |
| 1:45 | Build | Lumber Camp |
| 2:26 | Create | Villager (Male) |
| 3:09 | Create | Villager (Male) |
| 3:26 | Create | Villager (Male) |
| 4:01 | Create | Villager (Male) |
| 4:33 | Create | Villager (Male) |
| 4:47 | Create | Villager (Male) |
| 5:32 | Create | Villager (Male) |
| 5:46 | Create | Villager (Male) |
| 6:10 | Build | Mill |
| 6:13 | Create | Villager (Male) |
| 6:20 | Create | Villager (Male) |
| 7:04 | Create | Villager (Male) |
| 7:04 | Create | Villager (Male) |
| 7:50 | Build | House |
| 7:59 | Build | House |
| 8:01 | Build | House |
| 8:05 | Build | House |
| 8:19 | Build | Mining Camp |
| 8:34 | Create | Villager (Male) |
| 8:34 | Create | Villager (Male) |
| 8:50 | Build | Mining Camp |
| 9:16 | Research | Feudal Age |
| 10:10 | Build | Mill |
| 11:38 | Research | Wheelbarrow |
| 11:45 | Create | Villager (Male) |
| 11:52 | Research | Double-Bit Axe |
| 12:09 | Build | Market |
| 12:18 | Create | Villager (Male) |
| 12:22 | Research | Horse Collar |
| 13:02 | Create | Villager (Male) |
| 13:03 | Create | Villager (Male) |
| 13:09 | Create | Villager (Male) |
| 14:26 | Build | Blacksmith |
| 14:38 | Create | Villager (Male) |
| 14:40 | Create | Villager (Male) |
| 14:45 | Create | Villager (Male) |
| 14:50 | Research | Town Watch |
| 15:14 | Build | Outpost |
| 15:17 | Build | Outpost |
| 15:19 | Build | Outpost |
| 15:23 | Build | Outpost |
| 16:49 | Research | Castle Age |
| 17:02 | Research | Town Watch |
| 17:34 | Build | Farm |
| 17:34 | Build | Farm |
| 17:34 | Build | Farm |
| 17:34 | Build | Farm |
| 17:34 | Build | Farm |
| 17:34 | Build | Farm |
| 17:34 | Build | Farm |
| 17:34 | Build | Farm |
| 17:34 | Build | Farm |
| 17:34 | Build | Farm |
| 17:35 | Build | Farm |
| 17:35 | Build | Farm |
| 17:35 | Build | Farm |
| 17:39 | Build | Outpost |
| 17:45 | Build | Outpost |
| 17:50 | Build | Farm |
| 17:50 | Build | Farm |
| 17:50 | Build | Farm |
| 17:50 | Build | Farm |
| 17:50 | Build | Farm |
| 17:50 | Build | Farm |
| 17:50 | Build | Farm |
| 17:50 | Build | Farm |
| 17:50 | Build | Farm |
| 17:50 | Build | Farm |
| 17:51 | Build | Farm |
| 17:51 | Build | Farm |
| 17:51 | Build | Outpost |
| 17:51 | Build | Farm |
| 17:54 | Build | Farm |
| 17:54 | Build | Farm |
| 17:54 | Build | Farm |
| 17:54 | Build | Farm |
| 17:54 | Build | Farm |
| 17:54 | Build | Farm |
| 17:54 | Build | Farm |
| 17:54 | Build | Farm |
| 17:54 | Build | Farm |
| 17:54 | Build | Farm |
| 17:54 | Build | Farm |
| 17:54 | Build | Farm |
| 17:54 | Build | Farm |
| 17:55 | Build | Farm |
| 17:55 | Build | Farm |
| 17:55 | Build | Farm |
| 17:55 | Build | Farm |
| 17:55 | Build | Farm |
| 17:55 | Build | Farm |
| 17:55 | Build | Farm |
| 17:55 | Build | Farm |
| 17:55 | Build | Farm |
| 17:55 | Build | Farm |
| 17:55 | Build | Farm |
| 17:55 | Build | Farm |
| 17:55 | Build | Farm |
| 17:55 | Build | Farm |
| 17:55 | Build | Farm |
| 17:55 | Build | Farm |
| 17:56 | Build | Farm |
| 17:56 | Build | Farm |
| 17:56 | Build | Farm |
| 17:56 | Build | Farm |
| 17:56 | Build | Farm |
| 17:56 | Build | Farm |
| 17:56 | Build | Farm |
| 17:56 | Build | Farm |
| 17:56 | Build | Farm |
| 17:56 | Build | Farm |
| 17:58 | Build | Farm |
| 17:58 | Build | Farm |
| 17:58 | Build | Farm |
| 17:58 | Build | Farm |
| 17:58 | Build | Farm |
| 17:58 | Build | Farm |
| 17:58 | Build | Farm |
| 17:58 | Build | Farm |
| 17:58 | Build | Farm |
| 17:58 | Build | Farm |
| 17:58 | Build | Farm |
| 17:58 | Build | Farm |
| 17:58 | Build | Farm |
| 17:58 | Build | Farm |
| 17:58 | Build | Farm |
| 17:58 | Build | Farm |
| 17:58 | Build | Farm |
| 17:58 | Build | Farm |
| 17:58 | Build | Farm |
| 17:58 | Build | Farm |
| 17:58 | Build | Farm |
| 17:58 | Build | Farm |
| 17:58 | Build | Farm |
| 17:59 | Build | Farm |
| 17:59 | Build | Farm |
| 17:59 | Build | Farm |
| 17:59 | Build | Farm |
| 17:59 | Build | Farm |
| 17:59 | Build | Farm |
Match timeline
| 8:45 | ARToT | lokiwinne · wall_segment Palisade Wall x1 |
| 8:51 | ARToT | lokiwinne · wall_segment Palisade Wall x1 |
| 8:57 | ARToT | lokiwinne · wall_segment Palisade Wall x1 |
| 10:43 | blueberry · first_building Barracks |
| 11:50 | BULLXHILL · first_building Barracks |
| 13:56 | DMT · first_building Barracks |
| 14:50 | GueroPalma2504 · first_building Barracks |
| 15:00 | Harilu · first_market_buy 100 food |
| 15:13 | blueberry · first_building Archery Range |
| 15:36 | DMT · first_building Stable |
| 15:55 | Harilu · first_market_sell 100 stone |
| 16:09 | GueroPalma2504 · first_building Stable |
| 16:26 | blueberry · first_market_buy 100 food |
| 16:53 | transgirlsrule · first_building Barracks |
| 17:21 | BHA-1 · first_building Castle |
| 18:02 | ARToT | lokiwinne · first_building Castle |
| 18:12 | ARToT | lokiwinne · first_building Barracks |
| 19:30 | BHA-1 · first_building Siege Workshop |
| 20:36 | Harilu · first_building Castle |
| 20:41 | ARToT | lokiwinne · wall_segment Stone Wall x1 |
| 20:42 | ARToT | lokiwinne · wall_segment Stone Wall x1 |
| 20:42 | ARToT | lokiwinne · wall_segment Stone Wall x1 |
| 20:54 | GueroPalma2504 · first_market_buy 100 wood |
| 21:27 | BULLXHILL · first_building Monastery |
| 21:51 | blueberry · first_building Siege Workshop |
| 22:17 | ARToT | lokiwinne · first_building Monastery |
| 22:36 | GueroPalma2504 · first_building Monastery |
| 22:56 | DMT · first_building Castle |
| 23:20 | DMT · first_building Monastery |
| 23:24 | GueroPalma2504 · wall_segment Stone Wall x1 |
| 23:32 | GueroPalma2504 · wall_segment Stone Wall x1 |
| 23:33 | GueroPalma2504 · wall_segment Stone Wall x1 |
| 23:34 | GueroPalma2504 · wall_segment Stone Wall x2 |
| 23:34 | GueroPalma2504 · wall_segment Stone Wall x1 |
| 23:35 | GueroPalma2504 · wall_segment Stone Wall x2 |
| 23:35 | GueroPalma2504 · wall_segment Stone Wall x1 |
| 23:35 | GueroPalma2504 · wall_segment Stone Wall x1 |
| 23:35 | transgirlsrule · first_building Stable |
| 23:36 | GueroPalma2504 · wall_segment Stone Wall x1 |
| 23:38 | GueroPalma2504 · wall_segment Stone Wall x1 |
| 23:39 | GueroPalma2504 · wall_segment Stone Wall x1 |
| 23:45 | BULLXHILL · first_building Stable |
| 25:16 | BULLXHILL · first_market_sell 100 wood |
| 25:17 | GueroPalma2504 · wall_segment Stone Wall x1 |
| 25:18 | blueberry · first_building Castle |
| 26:36 | BULLXHILL · first_building Castle |
| 26:42 | GueroPalma2504 · resign |
| 27:01 | ARToT | lokiwinne · first_building Archery Range |
| 27:20 | Harilu · first_building Barracks |
| 28:28 | BULLXHILL · first_building Archery Range |
| 28:35 | Harilu · first_building Stable |
| 28:56 | BULLXHILL · first_building Siege Workshop |
| 29:14 | ARToT | lokiwinne · first_building Siege Workshop |
| 32:39 | DMT · first_building Siege Workshop |
| 32:56 | DMT · first_building Archery Range |
| 35:24 | transgirlsrule · first_building Castle |
| 37:45 | ARToT | lokiwinne · first_building Stable |
[ AI ANALYSIS · 1 CREDIT ]
What really happened in this match?
Wolo.gg analyzes every decision: build order, eco, micro, common mistakes by bracket. Personalized analysis on WhatsApp or Discord in 30 seconds.
Civ guide
Goths
Perfil
Jugador #4651410